← All builds
Geo sea / Cortex / Economy first / OBSERVED BUILD

Standard geo sea

The role's default economy-first play: bot lab then shipyard in the cove, quick frigate/submarine/destroyer navy to contest sea and hold the coast, transitioning into whatever the sea fight needs.

Usually shipyard in the cove (98%)

#naval #eco · 897 distinct matches · 97 players · 83% of Cortex Geo sea games · team won 52% of 1005 · Recently observed

HOW TO PLAY IT

Key timing: Shipyard by 3:18

  1. Open 3 mex, wind and solar, then Bot Lab.
  2. Get a BP and costal torpedo launcher up before the Shipyard.
  3. Put up Shipyard once you can defend it.
  4. Push out "submarine" and "frigate" to contest the sea.
  5. Add geothermal to fund the fleet transition into "destroyer", "missile corvette".

Phase by phase

TYPICAL OF ITS 897 GAMES
  1. 1
  2. 2
  3. 3
  4. 4
PLAY THE OPENING

Follow the example game's first 6:00 step by step: what to build now, what comes next, and where it goes. At 1× it keeps pace with your own game.

  1. 1

    Up to the Bot Lab

    Economy
    • Metal Extractor3Mex
    • Wind Turbine3Wind
    Order
    1. Bot LabBot Lab after 3 mex, 3 winddone ~1:12, middle half 1:06–1:26

    Some games also: wind for allies (49%)

    By 0:55 in all: 3 mex · 3 wind

    The example game in this phase · 3 steps
    1. Mex ×3
    2. Wind ×5
    3. Bot LabBot Labdone 1:26 · typical 1:12
  2. 2

    Bot Lab to Shipyard

    Economy
    • Metal Extractor1Mex
    • Wind Turbine2Wind
    Order
    1. ShipyardShipyard after 4 mex, 5 wind, 1 energy storagedone ~3:17, middle half 3:03–3:33
    Builders
    • Construction Bot3 Con bot
    • Graverobber2 Graverobber
    Army
    • Grunt1 Grunt

    Some games also: con turret (47%) · trasher (39%) · energy storage (34%) · wind for allies (33%)

    By 2:52 in all: 4 mex · 5 wind · 1 energy storage

    The example game in this phase · 6 steps
    1. GraverobberGraverobber
    2. Construction BotCon bot ×2
    3. GraverobberGraverobber
    4. Mex
    5. GruntGrunt
    6. ShipyardShipyarddone 3:07 · typical 3:17
  3. 3

    Shipyard to 5:00

    Economy
    • Metal Extractor4Mex
    Builders
    • Construction Ship1 Con ship
    Army
    • Riptide2 Frigate
    • Orca1 Submarine
    Other
    • Radar Tower1 Radar Tower

    Some games also: Guard (50%) · wind (48%) · missile corvette (47%) · destroyer (46%) · gunboat (41%)

    By 5:00 in all: 8 mex · 6 wind · 1 energy storage · 1 con turret

    The example game in this phase · 12 steps
    1. Energy storage
    2. Mex ×2
    3. Construction ShipCon ship ×2
    4. Radar TowerRadar Tower
    5. SupporterGunboat ×2
    6. Mex
    7. SupporterGunboat
    8. Mex
    9. Con turret
    10. RiptideFrigate ×2done 4:15 · typical 4:35
    11. OppressorDestroyerdone 5:00 · typical 5:51
    12. Wind
  4. 4

    5:00 to 10:00

    Economy
    • Metal Extractor2Mex
    • Wind Turbine8Wind
    • Energy Converter1Converter
    Builders
    • Construction Turret1 Con turret
    • Death Cavalry2 Death Cavalry
    • Construction Ship1 Con ship
    Army
    • Guard2 Guard
    • Riptide5 Frigate
    • Herring2 Missile corvette
    Other
    • Naval Radar / Sonar Tower2 Naval Radar / Sonar Tower

    Some games also: geo (48%) · Thistle (42%) · submarine (33%)

    By 10:00 in all: 10 mex · 15 wind · 1 geo · 4 converter · 1 energy storage · 2 con turret

    The example game in this phase · 120 steps
    1. Wind
    2. OppressorDestroyer
    3. Naval Radar / Sonar TowerNaval Radar / Sonar Tower
    4. Wind ×2
    5. HerringMissile corvette
    6. Wind
    7. RiptideFrigate
    8. Wind ×2
    9. RiptideFrigate
    10. Wind
    11. Con turret
    12. RiptideFrigate
    13. Mex
    14. Wind
    15. HerringMissile corvette
    16. OrcaSubmarinedone 6:53 · typical 4:19
    17. Wind
    18. Naval Radar / Sonar TowerNaval Radar / Sonar Tower
    19. Wind ×2
    20. Naval Radar / Sonar TowerNaval Radar / Sonar Tower
    21. Wind
    22. OrcaSubmarine
    23. Wind
    24. SlingshotSlingshot
    25. Wind ×2
    26. OrcaSubmarine
    27. Advanced Metal ExtractorT2 mexdone 8:41 · typical 9:22
    28. Con turret
    29. OrcaSubmarine
    30. Wind ×5
    31. OrcaSubmarine
    32. Wind
    33. Mex
    34. Advanced Metal ExtractorT2 mex
    35. Wind ×2
    36. Mex
    37. RiptideFrigate
    38. Con turret
    39. RiptideFrigate
    40. Converter
    41. Naval Radar / Sonar TowerNaval Radar / Sonar Tower
    42. Advanced Metal ExtractorT2 mex
    43. HerringMissile corvette
    44. Converter
    45. RiptideFrigate
    46. Converter
    47. RiptideFrigate
    48. Converter
    49. RiptideFrigate
    50. Converter
    51. RiptideFrigate
    52. Converter
    53. HerringMissile corvette
    54. Wind
    55. RiptideFrigate
    56. Wind ×2
    57. RiptideFrigate
    58. Wind ×2
    59. RiptideFrigate
    60. Wind
    61. RiptideFrigate
    62. Wind
    63. HerringMissile corvette
    64. Wind
    65. Mex
    66. Construction ShipCon ship
    67. Converter
    68. Construction ShipCon ship
    69. Advanced ShipyardAdvanced Shipyarddone 12:42
    70. Converter
    71. Advanced Metal ExtractorT2 mex
    72. Construction ShipCon ship
    73. Converter
    74. Construction ShipCon ship
    75. Mex
    76. Wind
    77. Construction ShipCon ship
    78. Wind ×5
    79. Tidal
    80. Advanced Construction SubAdvanced Construction Sub
    81. Tidal
    82. Wind
    83. Tidal ×2
    84. Wind
    85. PhantasmRadar jammer ship
    86. Tidal ×2
    87. Converter
    88. Tidal ×2
    89. Converter
    90. Advanced Construction SubAdvanced Construction Sub
    91. Tidal
    92. Advanced Metal ExtractorT2 mex
    93. Converter
    94. Tidal ×3
    95. Advanced solar
    96. Tidal
    97. PathfinderPathfinder
    98. Mex
    99. PathfinderPathfinder
    100. Naval Advanced Metal ExtractorNaval Advanced Metal Extractordone 14:27
    101. Tidal ×2
    102. PathfinderPathfinder
    103. Converter
    104. Tidal
    105. PathfinderPathfinder
    106. Converter
    107. Tidal ×2
    108. PathfinderPathfinder
    109. Tidal
    110. Converter
    111. Tidal ×2
    112. Converter
    113. Tidal ×2
    114. Naval Advanced Metal ExtractorNaval Advanced Metal Extractor
    115. Tidal
    116. Naval Radar / Sonar TowerNaval Radar / Sonar Tower
    117. Advanced Metal ExtractorT2 mex
    118. Tidal
    119. Con turret
    120. Tidal ×2

Counts are medians over the build's games: half of them build more, half fewer. The example game is SHOGVN's (36 OS, 20/09/2026); pick another.

Team trades

IN AT LEAST 30% OF ITS GAMES

You hand over

  • Wind Turbine2 Wind to Airfirst at 1:47 · in 73% of games

You get

  • Finch1 Finch from Airfirst at 1:51 · in 82% of games
  • Hercules1 Light transport from Airfirst at 2:00 · in 75% of games
  • Advanced Construction Bot1 T2 con bot from Techfirst at 7:44 · in 89% of games

How it plays out

Typical game of this build, running totals by minute

Metal produced

010k20k30k
0:005:0010:0015:00

metal

Enemy metal destroyed

05k10k
0:005:0010:0015:00

metal

Own metal lost

02.5k5k7.5k
0:005:0010:0015:00

metal

1005 games.

Show as table
ByMetal produced: This buildEnemy metal destroyed: This buildOwn metal lost: This build
1:0039700
2:0092800
3:00157100
4:002914051
5:00411013052
6:005467440232
7:006953931547
8:0086241570891
9:001051024401344
10:001264436272050
11:001523749202921
12:001815364203827
13:002150674134511
14:002505786485441
15:002879297896342
WHAT THE NUMBERS SAY

Standard Cortex geo sea sits at an even 50% win rate, trading a slower start for a big resource lead by 15:00.

  • + Metal produced hits 28451 by 15:00, well above both front roles
  • + Own metal lost stays far below enemy metal destroyed at every checkpoint
  • − Only 50% team win rate, the lowest of these six builds
  • − T2 factory only completes in 40% of games by 12:53
THE EXAMPLE YOU ARE READING

SHOGVN

36.1 OS · 20/09/2026

Open source match ↗

3 received units · includes a constructor
334 metal received · 16574 energy received

Allied construction assistance is unknown. Timings are observations, not a promise of solo reproducibility.

Typical milestones

Bot Lab1:12Middle 50%: 1:06–1:26 · n=999
Shipyard3:17Middle 50%: 3:03–3:33 · n=1000
Orca4:19Middle 50%: 3:53–4:59 · n=686
Riptide4:35Middle 50%: 4:08–5:20 · n=977
Oppressor5:51Middle 50%: 5:08–6:32 · n=912
Geothermal Powerplant8:00Middle 50%: 7:01–8:58 · n=605
Advanced Metal Extractor9:22Middle 50%: 8:45–10:10 · n=861

Played most by

sirniho119games of this buildOptimusprimenutt78games of this buildSHOGVN74games of this buildPRO_Rerory46games of this buildhihimik41games of this build